[Event "2nd European Youth GP 2017"]
[Site "Jermuk"]
[Date "2017.10.14"]
[Round "10"]
[White "Gharibyan, Mamikon"]
[Black "Shubin, Kirill"]
[Result "0-1"]
[ECO "E11"]
[WhiteElo "2346"]
[BlackElo "2359"]
[Annotator "NA"]
[PlyCount "102"]
[EventDate "2017.??.??"]
[EventType "tourn"]
[EventCountry "ARM"]
[SourceTitle "playchess.com"]
[Source "ChessBase"]
[SourceQuality "1"]
[TimeControl "5400+30"]

1. d4 e6 2. c4 Nf6 3. Nf3 Bb4+ 4. Bd2 a5 5. g3 d6 6. Bg2 Nbd7 7. O-O e5 8. e3 Bxd2 9. Nfxd2 O-O {[%emt 0:04:11] LiveBook: 8 Games} 10. Nc3 exd4 11. exd4 c6 12. Re1 Nb6 13. Qf3 Be6 $11 14. b3 a4 15. Qd3 Ra5 16. Nf1 axb3 17. axb3 Qa8 18. Rac1 Qa6 19. Qd2 Ra3 20. Qb2 Qa5 21. Nd2 Qb4 22. Qc2 d5 23. c5 Nbd7 24. Ne2 Rfa8 25. Qc3 Qxc3 26. Nxc3 Nb8 27. b4 Na6 28. b5 Nb4 29. Bf1 Kf8 30. Nd1 Nd3 31. Bxd3 Rxd3 32. Nb1 Rxd4 33. bxc6 bxc6 34. Ne3 Ra5 35. Re2 Nd7 36. Nd2 Rxc5 37. Rb1 Rd3 38. Ra1 g6 39. h4 d4 40. Nef1 Rc2 41. h5 gxh5 42. Ra8+ Ke7 43. Kg2 Nc5 44. Ra7+ Kf8 45. Re5 Bd5+ 46. Kh3 Rdxd2 47. Nxd2 Rxd2 48. f4 Rd1 49. Ra8+ Kg7 50. Kh4 Rh1+ 51. Kg5 f6+ 0-1

[Event "2nd European Youth GP 2017"]
[Site "Jermuk"]
[Date "2017.10.14"]
[Round "10"]
[White "Kacharava, Nikolozi"]
[Black "Kaasen, Tor Fredrik"]
[Result "1-0"]
[ECO "B48"]
[WhiteElo "2206"]
[BlackElo "2371"]
[Annotator "NA"]
[PlyCount "87"]
[EventDate "2017.??.??"]
[EventType "tourn"]
[EventCountry "ARM"]
[SourceTitle "playchess.com"]
[Source "ChessBase"]
[SourceQuality "1"]
[TimeControl "5400+30"]

1. e4 c5 2. Nf3 e6 3. d4 cxd4 4. Nxd4 Nc6 5. Nc3 Qc7 6. Be3 a6 7. Qf3 d6 8. Qg3 Bd7 9. Be2 Nf6 {[%emt 0:06:45] LiveBook: 4 Games} 10. O-O b5 11. a3 Rc8 12. f4 e5 ({Black should try} 12... h5 $14) 13. fxe5 dxe5 14. Nf5 $18 Bxf5 15. Rxf5 Qd7 16. Rxf6 gxf6 17. Bg4 Qd8 18. Bxc8 Qxc8 19. Nd5 Be7 20. Qg7 Rf8 21. Bh6 Nd4 22. Nxe7 Kxe7 23. Qxf8+ Qxf8 24. Bxf8+ Kxf8 25. c3 Nb3 26. Rd1 Nc5 27. Rd6 Nxe4 28. Rxa6 Ke7 29. a4 bxa4 30. Rxa4 f5 31. c4 Kd6 32. b4 Nd2 33. Ra6+ Ke7 34. b5 Nxc4 35. b6 Kd7 36. b7 Kc7 37. Rc6+ Kxc6 38. b8=Q Kd5 39. Qb7+ Ke6 40. Qc8+ Kd5 41. Qxf5 Kd4 42. Qxf7 e4 43. Qxh7 Kd3 44. h4 1-0

[Event "2nd European Youth GP 2017"]
[Site "Jermuk"]
[Date "2017.10.15"]
[Round "11"]
[White "Shubin, Kirill"]
[Black "Pultinevicius, Paulius"]
[Result "1/2-1/2"]
[ECO "C77"]
[WhiteElo "2359"]
[BlackElo "2387"]
[Annotator "ChessBase"]
[PlyCount "113"]
[EventDate "2017.??.??"]
[EventType "tourn"]
[EventCountry "ARM"]
[SourceTitle "playchess.com"]
[Source "ChessBase"]
[SourceQuality "1"]
[TimeControl "5400+30"]

1. e4 e5 2. Nf3 Nc6 3. Bb5 a6 4. Ba4 Nf6 5. d3 d6 6. c3 Be7 7. O-O O-O 8. Re1 b5 9. Bc2 Re8 10. Nbd2 Bf8 11. Nf1 Bb7 12. Bg5 Nb8 13. Ne3 Nbd7 14. Nf5 h6 15. Bh4 g6 16. Ne3 Qc8 17. h3 Bg7 18. Nh2 d5 19. Neg4 Nh5 20. Qf3 dxe4 21. dxe4 f5 22. Ne3 Ndf6 23. g4 fxe4 24. Qh1 Nf4 25. Bxf6 Nxh3+ 26. Kf1 Bxf6 27. Bxe4 Bxe4 28. Qxe4 Kg7 29. Rad1 Rf8 30. Qg2 Bh4 31. Qxh3 Bxf2 32. Ke2 Bxe1 33. Rxe1 Qe6 34. b3 Qc6 35. Qg3 Kh7 36. Nf3 e4 37. Nd2 Qxc3 38. Nxe4 Qb2+ 39. Nd2 Rf7 40. Rb1 Qxa2 41. Rc1 Qa5 42. Qe5 Raf8 43. Ne4 Qa2+ 44. Nc2 Kg8 45. Qe6 Kg7 46. Qe5+ Kg8 47. Qe6 Kh7 48. Qe5 Qxb3 49. Ng5+ Kg8 50. Nxf7 Qc4+ 51. Kd2 Rxf7 52. Nd4 Qb4+ 53. Kd3 Qa3+ 54. Rc3 Qa2 55. Rc2 Qa3+ 56. Rc3 Qa2 57. Rc2 1/2-1/2